 Dungeon Crawl Stone Soup version 0.20-a0-673-g53087c7 (webtiles) character file.

524 M4edhros the Covert (level 7, -3/43 HPs)
             Began as an Octopode Artificer on Feb 18, 2017.
             Killed from afar by an orc wizard (14 damage)
             ... with a puff of flame
             ... on level 5 of the Dungeon.
             The game lasted 00:03:05 (2672 turns).

M4edhros the Covert (Octopode Artificer)            Turns: 2672, Time: 00:03:05

Health: -3/43      AC:  1    Str: 11    XL:     7   Next: 22%
Magic:  9/9        EV: 13    Int: 13    God:
Gold:   131        SH:  0    Dex: 15    Spells: 6/6 levels left

rFire    . . .     SeeInvis .   a - +0 short sword
rCold    . . .     Gourm    .   (no shield)
rNeg     . . .     Faith    .   (helmet restricted)
rPois    .         Spirit   .   (no amulet)
rElec    .         Reflect  .   (no ring)
rCorr    .         Harm     .   (no ring)
MR       .....                  (no ring)
Stlth    ++++++....             (no ring)
Regen    0.2/turn               (no ring)
MPRegen  0.2/turn               (no ring)
                                (no ring)
                                (no ring)

@: no status effects
A: almost no armour, stealthy swim, amphibious, 8 rings, constrict 8, camouflage
1, gelatinous body 1
a: no special abilities


You were on level 5 of the Dungeon.
You were not hungry.

You visited 1 branch of the dungeon, and saw 5 of its levels.

You collected 131 gold pieces.

Inventory:

Hand Weapons
 a - a +0 short sword (weapon)
Missiles
 g - 53 sling bullets
 r - 79 stones (quivered)
Wands
 b - a wand of flame (12/48)
 c - a wand of enslavement (15/24)
 d - a wand of random effects (12/48)
 p - a wand of flame (31/48)
Scrolls
 h - 2 scrolls of teleportation
 l - 2 scrolls of recharging
Potions
 j - a potion of berserk rage
 m - a potion of heal wounds
 n - a potion of brilliance {unknown}
 o - a potion of resistance
 u - a potion of might {unknown}
Comestibles
 f - a bread ration
 i - 2 fruits
 v - 5 chunks of flesh


   Skills:
 - Level 1.0 Fighting
 - Level 1.0 Short Blades
 - Level 2.0 Dodging
 + Level 10.5 Stealth
 - Level 3.2 Evocations


You had 6 spell levels left.
You didn't know any spells.

Dungeon Overview and Level Annotations

Branches:
Dungeon (5/15)
 Temple: D:4-7

Altars:
Cheibriados
Kikubaaqudgha
Vehumet


Innate Abilities, Weirdness & Mutations

You cannot wear most types of armour.
You are very stealthy in the water. (Stealth+)
You are amphibious.
You can wear up to eight rings at the same time.
You can use your tentacles to constrict eight enemies at once.
Your skin changes colour to match your surroundings (Stealth+).
Your rubbery body absorbs attacks. (AC +1, EV +1)


Message History

You hit the orc wizard but do no damage.
You grab the orc wizard.
You squeeze the orc wizard, but do no damage.
You constrict the orc wizard. You constrict the orc.
You kill the orc!
The orc misses you. The orc wizard hits you with a dagger.
You completely miss the orc. Your grab misses the orc.
Your squeeze misses the orc. You constrict the orc wizard.
The orc wizard barely misses you. The orc misses you.
You hit the orc. Your grab misses the orc. Your squeeze misses the orc.
The orc is moderately wounded.
You constrict the orc wizard. The orc wizard hits you with a dagger.
The orc hits you with a flail.
* * * LOW HITPOINT WARNING * * *
You hit the orc wizard.
The orc wizard is severely wounded.
You constrict the orc wizard. The orc wizard casts a spell at you.
The puff of flame hits you!
You die...

.### ######### ###
...###
###........#####.#######
.....#
........................
.....#
......(.................
.....##
........................
......#
.......................<
......#
.................####...
......#
......).......#### #...
......# #.....o@.....##
#... ......#
#.....o......# #...
......# #...........##
#... ......#
##.......#..# ##..
.....## ###.#####.## ##.
.....# ## #..##### ##
....## ##.#....### #..##
###.........## ####
###............#


You could see an orc wizard and an orc.

Vanquished Creatures
  An ogre (D:4)
  A scorpion (D:4)
  An orc priest (D:3)
  3 hounds (D:4)
  An orc wizard (D:5)
  5 worker ants
  A statue (D:4)
  7 adders
  An ooze (D:2)
  An adder zombie (D:1)
  A worm (D:4)
  A leopard gecko (D:4)
  12 orcs
  A ball python (D:4)
  A giant cockroach (D:4)
  A hobgoblin (D:2)
  2 bats (D:2)
  2 frilled lizards
  A leopard gecko zombie (D:1)
44 creatures vanquished.

Notes
Turn   | Place    | Note
-------+----------+-------------------------------------------
     0 | D:1      | M4edhros the Octopode Artificer began the quest for the Orb.
     0 | D:1      | Reached XP level 1. HP: 13/13 MP: 3/3
    16 | D:1      | Reached skill level 2 in Stealth
   227 | D:2      | Found an ancient bone altar of Kikubaaqudgha.
   236 | D:2      | Reached skill level 3 in Stealth
   236 | D:2      | Reached XP level 2. HP: 6/18 MP: 4/4
   470 | D:2      | Reached skill level 4 in Stealth
   470 | D:2      | Reached XP level 3. HP: 23/23 MP: 5/5
   637 | D:3      | Reached skill level 5 in Stealth
   641 | D:3      | Reached XP level 4. HP: 13/28 MP: 6/6
   642 | D:3      | Reached skill level 6 in Stealth
   866 | D:4      | Noticed a phantom
  1019 | D:4      | Reached XP level 5. HP: 29/33 MP: 7/7
  1024 | D:4      | Reached skill level 7 in Stealth
  1216 | D:5      | Entered Level 5 of the Dungeon
  1441 | D:4      | Found a radiant altar of Vehumet.
  1443 | D:4      | Noticed a charred statue
  1455 | D:4      | Killed a charred statue
  1455 | D:4      | Reached skill level 8 in Stealth
  1503 | D:4      | Noticed an ogre
  1509 | D:4      | Killed an ogre
  1509 | D:4      | Reached skill level 9 in Stealth
  1509 | D:4      | Reached XP level 6. HP: 6/38 MP: 8/8
  1957 | D:4      | Reached skill level 10 in Stealth
  1957 | D:4      | Reached XP level 7. HP: 36/43 MP: 9/9
  2007 | D:4      | Found a snail-covered altar of Cheibriados.
  2672 | D:5      | Killed from afar by an orc wizard

Vault maps used:
D:1:      saegor_arrival_fortress, columned_hall_lemuel
D:2:      old_standard_altar, old_standard_altar, first_bread,
          minmay_misc_feat_enclosed
D:4:      vehumet_statue, chei_slow_surprise

Skill      XL: |  1  2  3  4  5  6 |
---------------+-------------------+-----
Stealth        | 3 4 5 6 9 10 | 10.5
Fighting       | |  1.0
Short Blades   | |  1.0
Dodging        | |  2.0
Evocations     | |  3.2

Action                   |  1- 3 |  4- 6 |  7- 9 || total
-------------------------+-------+-------+-------++-------
Melee: Short sword       |    28 |    44 |    40 ||   112
       Tentacles         |     7 |    11 |     9 ||    27
       Constrict         |     5 |    10 |    10 ||    25
Evoke: Wand              |       |     6 |       ||     6
  Use: Potion            |     1 |     1 |     1 ||     3
       Scroll            |       |     4 |     5 ||     9
 Stab: Sleeping          |     7 |     6 |     3 ||    16
       Distracted        |       |     1 |       ||     1
  Eat: Chunk             |       |     3 |     2 ||     5
Armor: Skin              |       |     1 |     1 ||     2
Dodge: Dodged            |    11 |    22 |    28 ||    61
